 Dungeon Crawl Stone Soup version 0.21.0 (webtiles) character file.

158 Aviak the Skirmisher (level 5, -5/55 HPs)
             Began as an Ogre Hunter on Jan 7, 2018.
             Slain by WhistlerWCT's ghost (8 damage)
             ... on level 3 of the Dungeon.
             The game lasted 00:05:53 (2977 turns).

Aviak the Skirmisher (Ogre Hunter)                  Turns: 2977, Time: 00:05:54

Health: -5/55      AC:  4    Str: 22    XL:     5   Next: 40%
Magic:  5/5        EV: 16    Int: 12    God:
Gold:   193        SH:  0    Dex: 14    Spells: 4/4 levels left

rFire    . . .     SeeInvis +   o - +0 whip
rCold    . . .     Gourm    .   (no shield)
rNeg     . . .     Faith    .   b - +0 robe
rPois    .         Spirit   .   (helmet restricted)
rElec    .         Reflect  .   q - +0 cloak
rCorr    .         Harm     .   (gloves unavailable)
MR       .....                  (boots unavailable)
Stlth    +++.......             (no amulet)
HPRegen  0.18/turn              i - ring of see invisible
MPRegen  0.09/turn              (no ring)

@: mighty, agile, hasted, very quick
A: large, unfitting armour, tough skin 1
a: no special abilities


You were on level 3 of the Dungeon.
You were not hungry.

You visited 1 branch of the dungeon, and saw 3 of its levels.

You collected 193 gold pieces.

Inventory:

Hand Weapons
 a - a +0 short sword
 o - a +0 whip (weapon)
Missiles
 d - 2 throwing nets
 r - 2 javelins of penetration (quivered)
Armour
 b - a +0 robe (worn)
 q - a +0 cloak (worn)
Jewellery
 i - a ring of see invisible (left hand)
Scrolls
 h - 8 scrolls of identify {unknown}
 j - a scroll of remove curse {unknown}
 k - 2 scrolls of teleportation {unknown}
 v - a scroll of noise {unknown}
Potions
 e - 2 potions of agility
 g - a potion of degeneration {unknown}
 l - a potion of might
 m - a potion of heal wounds {unknown}
 n - a potion of lignification {unknown}
 p - a potion of haste
 s - 2 potions of brilliance {unknown}
 t - a potion of flight {unknown}
Comestibles
 f - 4 rations


   Skills:
 + Level 4.6 Fighting
 + Level 2.0 Maces & Flails
 + Level 4.2 Throwing
 - Level 3.1 Dodging
 - Level 0.6 Stealth


You had 4 spell levels left.
You didn't know any spells.

Dungeon Overview and Level Annotations

Branches:
Dungeon (3/15)

Altars:
Qazlal

Annotations:
D:3 WhistlerWCT's ghost, amateur MiFi


Innate Abilities, Weirdness & Mutations

You are too large for most types of armour.
You have tough skin. (AC +1)


Message History

You kill the kobold!
WhistlerWCT's ghost misses you.
Quiver which item? (- for none, * to show all) (? for menu, Esc to quit)
Quivering
r - 3 javelins of penetration for throwing.
Throwing (i - inventory. (,) - cycle):
r - 3 javelins of penetration (quivered)
Press: ? - help, Shift-Dir - straight line, f/p - WhistlerWCT's ghost
Aim: WhistlerWCT's ghost (severely damaged)
You throw a javelin of penetration.
The javelin of penetration pierces through WhistlerWCT's ghost.
WhistlerWCT's ghost is severely damaged.
The javelin of penetration closely misses the giant cockroach.
WhistlerWCT's ghost hits you!
* * * LOW HITPOINT WARNING * * *
WhistlerWCT's ghost misses you.
It was a potion of might.
You feel very mighty all of a sudden. WhistlerWCT's ghost closely misses you.
It was a potion of haste.
You feel yourself speed up. WhistlerWCT's ghost hits you!
You die...

.........#
.#######.#########
#....##.##... ..# #
#.##.##.##.####.#
#.#.............#.######
#.#.....................
#.......#.##.##.#.######
..#####.#####.##....#.#
....(....sW@..#######.#
..###...####### #.#
#...# #.# #...# #.#
#...# #.###### s...#
#....... .##..# ########
#. ...#


You could see WhistlerWCT's ghost and a giant cockroach.

Vanquished Creatures
  An orc wizard (D:3)
  Robin (D:2)
  4 adders
  An ooze (D:3)
  A worm (D:3)
  3 dart slugs (D:2)
  2 leopard geckos
  4 orcs (D:3)
  11 bats
  A giant cockroach (D:1)
  17 goblins
  6 hobgoblins
  3 jackals (D:1)
  4 frilled lizards
  6 kobolds
  3 rats
68 creatures vanquished.

Notes
Turn   | Place    | Note
-------+----------+-------------------------------------------
     0 | D:1      | Aviak the Ogre Hunter began the quest for the Orb.
     0 | D:1      | Reached XP level 1. HP: 22/22 MP: 1/1
   307 | D:1      | Reached XP level 2. HP: 21/31 MP: 2/2
   805 | D:1      | Reached XP level 3. HP: 37/37 MP: 3/3
  1400 | D:2      | Noticed Robin
  1418 | D:2      | Killed Robin
  1418 | D:2      | Reached skill level 1 in Maces & Flails
  1427 | D:2      | Reached XP level 4. HP: 20/48 MP: 4/4
  2342 | D:3      | Reached XP level 5. HP: 48/55 MP: 5/5
  2483 | D:3      | Found a stormy altar of Qazlal.
  2964 | D:3      | Noticed WhistlerWCT's ghost (amateur MiFi)
  2977 | D:3      | Slain by WhistlerWCT's ghost

Skill      XL: |  1  2  3  4  5 |
---------------+----------------+-----
Fighting       | 3 4 |  4.6
Dodging        | 2 3 |  3.1
Maces & Flails | 1 2 |  2.0
Throwing       | |  4.2
Stealth        | |  0.6

Action                   |  1- 3 |  4- 6 || total
-------------------------+-------+-------++-------
Melee: Short sword       |    41 |       ||    41
       Whip              |   130 |   114 ||   244
Throw: Javelin           |     3 |     1 ||     4
       Large rock        |       |    13 ||    13
  Use: Potion            |     1 |     5 ||     6
  Eat: Chunk             |     1 |     6 ||     7
Armor: Robe              |    70 |    41 ||   111
Dodge: Dodged            |   145 |    84 ||   229
